 Dungeon Crawl Stone Soup version 0.28.0-53-g5a82cb258f (webtiles) character file.

Game seed: 13152313605818671357

4481 thriggle the Vexing (level 10, -8/74 HPs)
             Began as a Barachi Arcane Marksman on June 10, 2022.
             Was a Priest of Nemelex Xobeh.
             Mangled by an orc knight
             ... wielding a +0 war axe
              (14 damage)
             ... in a bailey.
             The game lasted 00:58:06 (11323 turns).

thriggle the Vexing (Barachi Arcane Marksman)      Turns: 11323, Time: 00:58:08

Health: -8/74      AC: 11    Str: 10    XL:     10   Next: 38%
Magic:  17/17      EV: 13    Int: 29    God:    Nemelex Xobeh [***...]
Gold:   417        SH:  0    Dex: 12    Spells: 6/18 levels left

rFire   + + .      SeeInvis .   r - +0 rapier (vorpal)
rCold   + . .      Faith    .   (no shield)
rNeg    + . .      Spirit   .   q - +2 leather armour {rF+}
rPois   .          Reflect  .   n - +1 helmet
rElec   .          Harm     .   j - +1 cloak
rCorr   +          Rampage  .   H - +0 pair of gloves
Will    +....                   (no boots)
Stlth   ++........              s - amulet of Ilomoxt {RegenMP rC+ Str-3 Int+8}
HPRegen 0.22/turn               x - ring of resist corrosion
MPRegen 0.55/turn               F - ring "Ciyf Amn" {rF+ rN+ Will+ Int+8 Dex-4}

@: unable to hop, slow
A: amphibious, slowness 1, strong legs 1, +LOS
a: Hop, Renounce Religion, Draw Escape, Draw Destruction, Draw Summoning, Triple
Draw


You were in a bailey.
You worshipped Nemelex Xobeh.
Nemelex Xobeh was most pleased with you.
You visited 1 branch of the dungeon, and saw 9 of its levels.
You also visited: Ossuary and Bailey.

You collected 417 gold pieces.

Inventory:

Hand Weapons
 f - a +0 dagger
 g - a +2 dagger of venom
 h - a +2 whip of flaming
 l - a +1 dagger of speed
 r - a +0 vorpal rapier (weapon)
 B - a +2 hunting sling of flaming
Missiles
 c - a throwing net
 i - 280 stones (quivered)
 k - 4 javelins
 m - 5 poisoned darts
 A - 3 curare-tipped darts
 D - 12 sling bullets
 E - 8 boomerangs
Armour
 a - a +0 robe
 j - a +1 cloak (worn)
 n - a +1 helmet (worn)
 q - a +2 leather armour of fire resistance (worn)
 y - a +2 robe of cold resistance
 H - a +0 pair of gloves (worn)
 L - a +0 buckler
 N - +0 acid dragon scales
Jewellery
 d - an amulet of magic regeneration
 s - the amulet of Ilomoxt (around neck) {RegenMP rC+ Str-3 Int+8}
   (You found it on level 3 of the Dungeon)

   [amulet of magic regeneration]

   It increases your rate of magic regeneration.
   Str:       It affects your strength (-3).
   Int:       It affects your intelligence (+8).
   rC:        It protects you from cold.
 x - a ring of resist corrosion (left hand)
 F - the ring "Ciyf Amn" (right hand) {rF+ rN+ Will+ Int+8 Dex-4}
   (You found it on level 6 of the Dungeon)

   [ring of protection from fire]

   Int:       It affects your intelligence (+8).
   Dex:       It affects your dexterity (-4).
   rF:        It protects you from fire.
   rN:        It protects you from negative energy.
   Will:      It increases your willpower.
Wands
 b - a wand of flame (19)
 t - a wand of charming (14)
 G - a wand of iceblast (14)
 P - a wand of mindburst (7)
 Q - a wand of acid (5)
Scrolls
 o - 2 scrolls of amnesia
 C - a scroll of blinking
 J - 4 scrolls of teleportation
 K - 2 scrolls of brand weapon
 M - 2 scrolls of magic mapping
 O - a scroll of fog
Potions
 e - a potion of berserk rage
 p - 2 potions of flight
 u - 5 potions of invisibility
 v - 2 potions of haste
 z - 2 potions of brilliance
 I - 4 potions of curing


   Skills:
 + Level 5.5 Fighting
 + Level 4.9 Short Blades
 + Level 3.0(4.0) Slings
 - Level 3.9(4.4) Throwing
 + Level 4.5 Armour
 + Level 5.5 Dodging
 + Level 4.3 Stealth
 + Level 4.7 Spellcasting
 + Level 6.0 Hexes
 + Level 2.2 Summonings
 - Level 4.3 Translocations
 + Level 3.5 Invocations
 + Level 3.2 Evocations


You had 6 spell levels left.
You knew the following spells:

 Your Spells              Type           Power      Damage    Failure   Level
a - Slow                  Hex            100%       N/A       1%          1
b - Portal Projectile     Hex/Tloc       74%        N/A       3%          3
c - Cause Fear            Hex            21%        N/A       7%          4
d - Summon Small Mammal   Summ           76%        N/A       3%          1
e - Call Canine Familiar  Summ           19%        N/A       11%         3

Your spell library contained the following spells:

 Spells                   Type           Power      Damage    Failure   Level
 Summon Guardian Golem    Hex/Summ       30%        N/A       4%          3
 Inner Flame              Hex/Fire       24%        N/A       8%          3


Dungeon Overview and Level Annotations

Branches:
Dungeon (9/15)             Temple (0/1) D:7            Lair (0/6) D:8
Ossuary (visited)          Bailey (1/1)
    Orc: D:9-12

Altars:
Ashenzari
Cheibriados
Dithmenos
Gozag
Hepliaklqana
Nemelex Xobeh
Yredelemnul

Annotations:
D:5 trickyswaf's ghost, novice MiFi


Innate Abilities, Weirdness & Mutations

You are amphibious.
You cover ground slowly.
You can hop short distances.
You have an extended range of vision and can be seen from far away.


Message History

The orc knight misses you.
The orc knight hits your hound with a +0 war axe!
You hit the orc knight.
The orc knight is moderately wounded.
Your hound bites the orc knight but does no damage.
The orc knight hits you with a +0 war axe!
The orc knight hits your hound with a +0 war axe!
Your hound dies!
Your hound's corpse disappears in a puff of smoke!
Casting: Call Canine Familiar (dangerous; 11% risk of failure)
Confirm with . or Enter, or press ? or * to list all spells.
Okay, then.
Okay, then.
Aiming: Mindburst
Press: ? - help, Shift-Dir - straight line, f/p - orc knight
Aim: an orc knight, wielding a +0 war axe and wearing a +0 chain mail (moderately wounded, poisoned, slow, chance to affect: 62%)
The orc knight's mind is blasted!
Aiming: Corrosive Bolt
Press: ? - help, Shift-Dir - straight line, f/p - orc knight
Aim: an orc knight, wielding a +0 war axe and wearing a +0 chain mail (moderately wounded, poisoned, slow, 71% to hit)
The bolt of acid hits the orc knight.
The orc knight is moderately wounded.
The orc knight hits you with a +0 war axe!
Aiming: Mindburst
Press: ? - help, Shift-Dir - straight line, f/p - orc knight
Aim: an orc knight, wielding a +0 war axe and wearing a +0 chain mail (moderately wounded, poisoned, slow, chance to affect: 62%)
The orc knight's mind is blasted!!
The orc knight hits you with a +0 war axe!!
* * * LOW HITPOINT WARNING * * *
Aiming: Mindburst
Press: ? - help, Shift-Dir - straight line, f/p - orc knight
Aim: an orc knight, wielding a +0 war axe and wearing a +0 chain mail (severely wounded, poisoned, slow, chance to affect: 62%)
The orc knight's mind is blasted!
Aiming: Corrosive Bolt
Press: ? - help, Shift-Dir - straight line, f/p - orc knight
Aim: an orc knight, wielding a +0 war axe and wearing a +0 chain mail (almost dead, poisoned, slow, 71% to hit)
The bolt of acid misses the orc knight.
The orc knight looks more healthy.
The orc knight hits you with a +0 war axe!
You die...
Your body glows slightly and disappears.

≈≈≈≈≈≈≈≈≈≈≈≈≈≈≈≈≈≈≈≈≈≈≈≈≈≈≈≈
≈≈≈≈≈≈≈≈≈≈≈≈≈≈≈≈≈≈≈≈≈≈≈≈≈≈≈≈
≈≈≈≈S≈≈≈≈≈≈≈≈≈≈≈≈≈≈≈≈≈≈≈≈≈≈≈
≈≈≈≈≈≈≈≈≈≈≈≈≈≈≈≈≈≈≈≈≈≈≈≈≈≈≈≈
≈≈≈≈≈≈≈≈≈≈≈≈≈≈≈≈≈≈≈≈≈≈≈≈≈≈≈≈
######≈≈≈≈≈≈≈≈≈≈≈≈≈######≈≈
#.#..+.............+ #≈≈
#'#..############### #≈≈
#....)..)o@# #≈≈
#....#)....+ #≈≈
#.########## ###≈≈ ≈≈.#
#.≈≈≈ ≈≈≈≈.# #.≈≈≈ ≈≈≈≈≈≈.#
#.≈≈≈ #≈≈≈≈≈≈.# #.≈≈≈
#≈≈≈≈≈≈.# +.... #≈≈≈≈≈≈∩K
+....


You could see an orc knight (slow).

Vanquished Creatures
  Sigmund (D:2)
  A wraith (D:7)
  A steam dragon (D:6)
  Edmund (D:5)
  4 water moccasins
  2 ogres
  2 ice beasts
  3 orc warriors
  A sky beast (D:8)
  A phantom (D:6)
  A lemure (D:5)
  A centaur (D:8)
  A kobold brigand (D:5)
  2 elf zombies (D:8)
  3 bullfrogs
  4 scorpions (D:5)
  An electric eel (Bailey)
  2 centaur zombies
  A gnoll shaman (D:7)
  A hound (D:6)
  3 jellies (D:4)
  6 orc priests
  Crazy Yiuf (D:3)
  2 centaur skeletons
  A human skeleton (D:8)
  5 iguanas
  6 orc wizards
  A scorpion zombie (D:5)
  A bullfrog simulacrum (D:5)
  A hound zombie (D:5)
  A hound skeleton (D:5)
  3 mummies (Ossuary)
  Robin (D:2)
  7 gnolls
  10 adders
  A shadow imp (D:8)
  2 worms
  2 dart slugs
  19 orcs
  7 ball pythons
  3 bats
  5 endoplasms
  5 giant cockroaches
  A gnoll zombie (Ossuary)
  15 goblins
  10 hobgoblins
  10 jackals
  6 kobolds
  2 quokkas
  3 frilled lizards
  A jackal zombie (Ossuary)
  3 kobold zombies (Ossuary)
  2 orc skeletons (D:8)
  An orc zombie (D:8)
  3 rats
  A rat zombie (Ossuary)
185 creatures vanquished.

Vanquished Creatures (collateral kills)
  Pikel (D:6)
  An acid dragon (D:9)
  An ogre (D:6)
  A lemure (D:6)
  A centaur zombie (D:9)
  An orc priest (D:5)
  A hound zombie (Ossuary)
  A mummy (Ossuary)
  A howler monkey zombie (D:9)
  A gnoll (D:7)
  A white imp (D:5)
  3 orcs
  A hobgoblin (Bailey)
  2 goblin zombies (Ossuary)
  A jackal zombie (Ossuary)
  2 kobold zombies (Ossuary)
20 creatures vanquished.

Vanquished Creatures (others)
  A dart slug (D:4)
  An orc (D:5)
2 creatures vanquished.

Grand Total: 207 creatures vanquished

Notes
Turn   | Place    | Note
-------+----------+-------------------------------------------
     0 | D:1      | thriggle the Barachi Arcane Marksman began the quest for
                  | the Orb.
     0 | D:1      | Reached XP level 1. HP: 15/15 MP: 2/2
   277 | D:1      | Reached XP level 2. HP: 21/21 MP: 3/3
   557 | D:1      | Reached XP level 3. HP: 27/27 MP: 5/5
   565 | D:1      | Learned a level 3 spell: Portal Projectile
  1139 | D:2      | Noticed Robin
  1491 | D:2      | Killed Robin
  1492 | D:2      | Reached XP level 4. HP: 26/33 MP: 6/6
  1599 | D:2      | Reached skill level 1 in Short Blades
  1626 | D:2      | Reached skill level 1 in Translocations
  1897 | D:2      | Reached skill level 1 in Stealth
  2239 | D:2      | Noticed Sigmund
  2303 | D:2      | Killed Sigmund
  2304 | D:2      | Reached skill level 4 in Hexes
  2304 | D:2      | Reached XP level 5. HP: 16/39 MP: 6/8
  2304 | D:2      | Reached XP level 6. HP: 19/46 MP: 6/9
  2575 | D:3      | You fall into a shaft and drop 2 floors!
  2575 | D:5      | Entered Level 5 of the Dungeon
  2587 | D:5      | Learned a level 4 spell: Cause Fear
  2630 | D:3      | Found a snail-covered altar of Cheibriados.
  2968 | D:3      | Noticed an eye of devastation
  2970 | D:3      | Found a faded altar of an unknown god.
  2970 | D:3      | Noticed a golden eye
  3031 | D:3      | Noticed a floating eye
  3035 | D:3      | Noticed a golden eye
  3040 | D:3      | Prayed at the altar of an unknown god.
  3040 | D:3      | Became a worshipper of Nemelex Xobeh the Trickster
  3040 | D:3      | Reached * piety under Nemelex Xobeh
  3292 | D:3      | Received a gift from Nemelex Xobeh
  3298 | D:3      | Found a hazy altar of Hepliaklqana.
  3469 | D:3      | Found a runed translucent door.
  3470 | D:3      | Noticed Crazy Yiuf
  3485 | D:3      | Killed Crazy Yiuf
  3717 | D:3      | Identified the amulet of Ilomoxt {RegenMP rC+ Str-3 Int+8}
  4585 | D:4      | Reached XP level 7. HP: 45/51 MP: 10/10
  5123 | D:4      | Reached ** piety under Nemelex Xobeh
  5394 | D:5      | Reached skill level 1 in Armour
  5397 | D:5      | Found a broken altar of Ashenzari.
  5443 | D:5      | Reached skill level 1 in Invocations
  5660 | D:5      | Received a gift from Nemelex Xobeh
  5669 | D:5      | Found a runed translucent gate.
  5669 | D:5      | Found a runed translucent gate.
  5669 | D:5      | Found a runed translucent gate.
  5741 | D:5      | HP: 1/52 [orc priest/+0 flail (5)]
  5982 | D:5      | Reached XP level 8. HP: 56/58 MP: 12/12
  6638 | D:5      | Noticed Edmund
  6654 | D:5      | Killed Edmund
  6689 | D:5      | Noticed Grinder
  6755 | D:5      | Found a shadowy altar of Dithmenos.
  6808 | D:5      | Noticed Grinder
  6808 | D:5      | Grinder changed into Grinder the lemure
  6810 | D:5      | Killed Grinder the lemure
  6811 | D:5      | Reached skill level 5 in Hexes
  6933 | D:5      | Noticed trickyswaf's ghost (novice MiFi)
  7278 | D:6      | Noticed Pikel
  7301 | D:6      | Learned a level 1 spell: Summon Small Mammal
  7318 | D:6      | Killed Pikel
  7319 | D:6      | Reached skill level 1 in Slings
  7319 | D:6      | Reached skill level 1 in Evocations
  7319 | D:6      | Reached XP level 9. HP: 35/66 MP: 2/14
  7908 | D:6      | Identified the ring "Ciyf Amn" {rF+ rN+ Will+ Int+8 Dex-4}
  7915 | D:6      | Learned a level 3 spell: Call Canine Familiar
  7939 | D:6      | Received a gift from Nemelex Xobeh
  8085 | D:6      | Reached skill level 5 in Dodging
  8171 | D:6      | Reached skill level 5 in Fighting
  8654 | D:7      | Reached skill level 1 in Summonings
  8749 | D:7      | Reached XP level 10. HP: 74/74 MP: 10/16
  8915 | D:7      | Found a staircase to the Ecumenical Temple.
  8931 | D:7      | Received a gift from Nemelex Xobeh
  9467 | D:8      | Found a sand-covered staircase.
  9571 | Ossuary  | Entered an ossuary
  9572 | Ossuary  | Reached *** piety under Nemelex Xobeh
 10156 | D:8      | Found a basalt altar of Yredelemnul.
 10159 | D:8      | Found an opulent altar of Gozag.
 10199 | D:8      | Reached skill level 6 in Hexes
 10389 | D:8      | Found a staircase to the Lair.
 10912 | D:9      | Found a flagged portal.
 11071 | Bailey   | Entered a bailey
 11294 | Bailey   | Noticed a kobold demonologist
 11300 | Bailey   | Noticed an orc knight
 11323 | Bailey   | Mangled by an orc knight

Illustrated notes

Levels and vault maps discovered:
D:1:      scummos_arrival_forest, layout_loops_cross,
          hangedman_abyss_or_decor_lesser_grid
D:2:      layout_basic, uniq_sigmund, uniq_robin
D:3:      layout_loops_corners, mainiacjoe_overflow_cross_hatched,
          mainiacjoe_overflow_boulevard, hellmonk_ecumenical_altar_watching_god,
          uniq_crazy_yiuf_cottage
D:4:      layout_loops_corners, roderic_lattice_a
D:5:      layout_cave_pools, grunt_temple_overflow_open, gammafunk_ghost_icy,
          minmay_misc_feat_nine_boxes, minmay_misc_feat_more_columns,
          minmay_diced_spiral, uniq_grinder, uniq_edmund
D:6:      layout_rooms, minmay_crossroads, uniq_pikel
D:7:      layout_basic, minmay_temple_entry_tees, serial_park_tiny_2
D:8:      layout_basic, mainiacjoe_overflow_catwalk_spiral, dpeg_oklobed_lair,
          nicolae_ossuary_entry_catacombs, minmay_misc_feat_room
D:9:      layout_loops_cross, enter_bailey_6
Bailey:   bailey_axe_of_yendor_kennysheep, bailey

Skill      XL: |  1  2  3  4  5  6  7  8  9 10 |
---------------+-------------------------------+-----
Fighting       | 2 3 4 5 |  5.5
Short Blades   | 1 2 3 4 |  4.9
Translocations | 2 3 4 |  4.3
Stealth        | 1 2 3 4 |  4.3
Dodging        | 3 4 5 |  5.5
Spellcasting   | 2 3 4 |  4.7
Hexes          | 4 5 6 |  6.0
Throwing       | 3 |  3.9
Armour         | 1 3 4 |  4.5
Invocations    | 1 2 3 |  3.5
Slings         | 1 2 3 |  3.0
Evocations     | 1 2 3 |  3.2
Summonings     | 1 2 |  2.2

Action                   |  1- 3 |  4- 6 |  7- 9 | 10-12 || total
-------------------------+-------+-------+-------+-------++-------
Melee: Unarmed           |    26 |       |       |       ||    26
       Dagger            |    48 |   144 |   157 |    36 ||   385
       Punch             |     1 |     1 |     5 |     6 ||    13
       Rapier            |       |       |   102 |   178 ||   280
       Whip              |       |       |     1 |       ||     1
 Fire: Hunting sling     |       |       |    59 |    45 ||   104
Throw: Javelin           |    18 |     2 |     1 |     5 ||    26
       Stone             |    13 |    10 |     3 |    11 ||    37
       Dart              |       |     3 |    31 |     1 ||    35
       Throwing net      |       |       |     3 |       ||     3
 Cast: Slow              |    20 |    14 |    32 |    20 ||    86
       Portal Projectile |       |     2 |    10 |     8 ||    20
       Summon Small Mamm |       |       |     1 |       ||     1
       Cause Fear        |       |       |     2 |     1 ||     3
       Call Canine Famil |       |       |     1 |     9 ||    10
Invok: Draw Destruction  |       |       |     8 |     3 ||    11
       Draw Summoning    |       |       |     3 |     2 ||     5
       Draw Escape       |       |       |     1 |     1 ||     2
 Abil: Hop               |     2 |     1 |     9 |     2 ||    14
Evoke: Wand              |       |       |       |     5 ||     5
  Use: Scroll            |     2 |     4 |     6 |     8 ||    20
       Potion            |       |     8 |     3 |     5 ||    16
 Stab: Sleeping          |     2 |     1 |     2 |     4 ||     9
Armor: Robe              |     9 |       |       |       ||     9
       Leather armour    |    11 |    39 |    82 |   100 ||   232
Dodge: Dodged            |    57 |    77 |   173 |   139 ||   446
